 Dungeon Crawl Stone Soup version 0.26.1-10-gdfb7c7de75 (webtiles) character file.

Game seed: 15467248536143927124

8659 tardwrangler69 the Fighter (level 11, -1/64 HPs)
             Began as a Vine Stalker Fighter on Apr 10, 2021.
             Was a Follower of Uskayaw.
             Slain by a four-headed hydra (9 damage)
             ... on level 11 of the Dungeon.
             The game lasted 00:12:33 (10662 turns).

tardwrangler69 the Fighter (Vine Stalker Fighter)  Turns: 10662, Time: 00:12:34

Health: -1/64      AC: 11    Str: 22    XL:     11   Next: 34%
Magic:  0/16       EV:  8    Int:  8    God:    Uskayaw [*.....]
Gold:   669        SH:  9    Dex: 14    Spells: 10/10 levels left

rFire    . . .     SeeInvis .   B - +3 short sword
rCold    + . .     Faith    .   c - +0 kite shield
rNeg     + + .     Spirit   +   H - +2 ring mail {rC+}
rPois    .         Reflect  .   z - +1 helmet
rElec    .         Harm     +   b - scarf {harm}
rCorr    .         Rampage  .   p - +0 pair of gloves
Will     +....                  m - +0 pair of boots
Stlth    +.........             k - amulet of the acrobat
HPRegen  0.60/turn              s - ring "Epuidu" {Wiz +Fly rN++}
MPRegen  0.15/turn              (no ring)

@: no status effects
A: fangs 3, regeneration 1, magic shield, antimagic bite, no potion heal 3
a: Renounce Religion, Evoke Flight, Stomp


You were on level 11 of the Dungeon.
You worshipped Uskayaw.
Uskayaw was noncommittal.
You visited 2 branches of the dungeon, and saw 12 of its levels.

You collected 669 gold pieces.

Inventory:

Hand Weapons
 a - a +0 rapier
 B - a +3 short sword (weapon)
Missiles
 e - 3 javelins (quivered)
Armour
 b - a scarf of harm (worn)
 c - a +0 kite shield (worn)
 m - a +0 pair of boots (worn)
 p - a +0 pair of gloves (worn)
 x - +0 acid dragon scales
 z - a +1 helmet (worn)
 H - a +2 ring mail of cold resistance (worn)
Jewellery
 k - an amulet of the acrobat (around neck)
 s - the ring "Epuidu" (left hand) {Wiz +Fly rN++}
   (You found it on level 4 of the Dungeon)

   [ring of wizardry]

   It improves your spell success rate.
   It greatly protects you from negative energy.
   It lets you fly.
Wands
 d - a wand of digging (2)
 v - a wand of random effects (27)
 y - a wand of paralysis (7)
 E - a wand of disintegration (13)
Scrolls
 g - 15 scrolls of identify
 j - 6 scrolls of remove curse
 n - 2 scrolls of magic mapping
 q - 4 scrolls of teleportation {unknown}
 r - 3 scrolls of fear {unknown}
 t - 3 scrolls of amnesia {unknown}
 D - a scroll of silence {unknown}
 F - a scroll of enchant weapon {unknown}
 I - a scroll of brand weapon {unknown}
 K - a scroll of vulnerability {unknown}
Potions
 f - 7 potions of curing
 i - a potion of resistance
 l - 3 potions of lignification {unknown}
 o - 3 potions of invisibility {unknown}
 u - a potion of cancellation {unknown}
 w - a potion of brilliance {unknown}
 A - 2 potions of degeneration {unknown}
 C - a potion of flight {unknown}
 G - 4 potions of haste {unknown}
 J - a potion of heal wounds {unknown}


   Skills:
 * Level 10.8 Fighting
 * Level 10.6 Short Blades
 - Level 2.4 Armour
 - Level 2.6 Shields
 + Level 5.9 Invocations


You had 10 spell levels left.
You didn't know any spells.
Your spell library contained the following spells:

 Spells                   Type           Power        Failure   Level
 Sandblast                Erth           0%           77%         1
 Passwall                 Tmut/Erth      0%           87%         2
 Poisonous Vapours        Pois/Air       0%           87%         2
 Conjure Flame            Conj/Fire      0%           98%         3
 Mephitic Cloud           Conj/Pois/Air  0%           98%         3
 Stone Arrow              Conj/Erth      0%           98%         3
 Petrify                  Tmut/Erth      0%           100%        4
 Lee's Rapid Deconstruct  Erth           0%           100%        5
 Freezing Cloud           Conj/Ice/Air   0%           100%        6


Dungeon Overview and Level Annotations

Branches:
Dungeon (11/15)            Temple (1/1) D:5            Lair (0/6) D:10
    Orc (0/2) D:9

Altars:
Ashenzari
Cheibriados
Dithmenos
Elyvilon
Fedhas
Gozag
Hepliaklqana
Kikubaaqudgha
Makhleb
Nemelex Xobeh
Okawaru
Qazlal
Ru
Sif Muna
Trog
Uskayaw
Vehumet
Wu Jian
Xom
Yredelemnul
Zin
The Shining One

Shops:
D:6 (   D:8 }   D:11 ?


Innate Abilities, Weirdness & Mutations

You have razor-sharp teeth.
Your natural rate of healing is unusually fast.
When hurt, damage is shared between your health and your magic reserves.
Your bite disrupts and absorbs the magic of your enemies.
Potions cannot restore your health.


Message History

You can no longer pass through a line of other dancers.
The four-headed hydra bites you.
* * * LOW HITPOINT WARNING * * *
You block the four-headed hydra's attack.
The four-headed hydra completely misses you.
You block the four-headed hydra's attack.
You don't have enough magic at the moment.
As you read the scroll labelled JATEUV BAATE, it crumbles to dust.
You hear a crunching sound.
It was a scroll of random uselessness.
The four-headed hydra bites you.
* * * LOW HITPOINT WARNING * * *
The four-headed hydra bites you.
* * * LOW HITPOINT WARNING * * *
The four-headed hydra barely misses you.
The four-headed hydra completely misses you.
Okay, then.
As you read the scroll labelled GAUFIU ZAOCIOL, it crumbles to dust.
You feel aware of your surroundings.
It was a scroll of magic mapping.
The four-headed hydra bites you!
You die...

#..............[..,,,**
**,,,,*
#.###.###.###....,,,**
**,*,*
#..,#.#,#.#,,..#.,,**
***,* #.###.#.#.###.##*+**
*,* *.............# *,#
*,* *#######.##.### *.#
*,* #.....#####.#####****
*,*
#.#......#.......,,,****,*
#...####.@D...#,,,,,,,,,,*
####* #.......#,***,******
#...#.#.#,* *,*
#...###,#,***,*
##...,,,,,,,,,*
#####*********


You could see a four-headed hydra.

Vanquished Creatures
  Josephine (D:10)
  An ugly thing (D:11)
  Psyche (D:7)
  Maggie (D:6)
  A troll (D:10)
  Grinder (D:5)
  A hornet (D:10)
  4 wraiths (D:10)
  5 yaks (D:11)
  Duvessa (D:5)
  2 hornet zombies
  4 sky beasts
  2 orc warriors
  A phantom (D:5)
  2 black bears (D:10)
  3 ogres
  2 necrophages
  2 wolves (D:10)
  3 centaurs
  5 bullfrogs
  4 big kobolds
  Dowan (D:5)
  A water moccasin zombie (D:5)
  4 scorpions
  3 killer bees (D:9)
  A water moccasin skeleton (D:10)
  14 wights
  A howler monkey (D:11)
  2 electric eels (D:10)
  4 jellies
  8 orc wizards
  3 orc priests
  3 bullfrog skeletons
  8 hounds
  An iguana (D:9)
  8 worker ants
  A killer bee zombie (D:10)
  2 hound skeletons
  4 worker ant zombies
  10 adders
  3 shadow imps
  A white imp (D:8)
  An ufetubus (D:5)
  An adder zombie (D:7)
  An adder skeleton (D:7)
  3 worms
  5 leopard geckos
  30 orcs
  10 bats
  6 giant cockroaches
  5 goblins
  6 hobgoblins
  23 jackals
  3 quokkas
  7 frilled lizards
  A jackal skeleton (D:8)
  27 kobolds
  A leopard gecko skeleton (D:4)
  2 quokka skeletons
  11 rats
273 creatures vanquished.

Vanquished Creatures (others)
  An ogre (D:5)
  An orc (D:5)
  5 plants (D:6)
7 creatures vanquished.

Grand Total: 280 creatures vanquished

Notes
Turn   | Place    | Note
-------+----------+-------------------------------------------
     0 | D:1      | tardwrangler69 the Vine Stalker Fighter began the quest for
                  | the Orb.
     0 | D:1      | Reached XP level 1. HP: 11/11 MP: 2/2
   241 | D:1      | Reached XP level 2. HP: 15/16 MP: 3/3
   801 | D:1      | Reached XP level 3. HP: 20/20 MP: 4/4
  1698 | D:2      | Gained mutation: Your natural rate of healing is unusually
                  | fast. [Vine Stalker growth]
  1698 | D:2      | Reached XP level 4. HP: 23/25 MP: 3/5
  2420 | D:3      | Found a white marble altar of Elyvilon.
  2443 | D:3      | Found a broken altar of Ashenzari.
  3204 | D:4      | Noticed an ogre
  3213 | D:4      | Killed an ogre
  3214 | D:4      | Reached XP level 5. HP: 29/30 MP: 6/6
  3224 | D:4      | Reached XP level 6. HP: 34/34 MP: 7/7
  3507 | D:4      | Got a translucent marble ring
  3509 | D:4      | Identified the ring "Epuidu" {Wiz +Fly rN++} (You found it
                  | on level 4 of the Dungeon)
  3520 | D:4      | Reached skill level 5 in Fighting
  3840 | D:5      | Entered Level 5 of the Dungeon
  3853 | D:5      | Reached XP level 7. HP: 37/39 MP: 6/8
  3892 | D:5      | Reached skill level 5 in Short Blades
  4060 | D:5      | Noticed Duvessa
  4060 | D:5      | Noticed Dowan
  4079 | D:5      | Killed Duvessa
  4082 | D:5      | Killed Dowan
  4191 | D:5      | Gained mutation: You have razor-sharp teeth. [Vine Stalker
                  | growth]
  4191 | D:5      | Reached XP level 8. HP: 27/44 MP: 5/9
  4236 | D:5      | Found a basalt altar of Yredelemnul.
  4404 | D:5      | Found a staircase to the Ecumenical Temple.
  4483 | D:5      | Found a shimmering altar of Xom.
  4568 | Temple   | Entered the Ecumenical Temple
  4711 | Temple   | Became a worshipper of Uskayaw the Reveller
  4797 | D:5      | Reached * piety under Uskayaw
  4874 | D:5      | Reached ** piety under Uskayaw
  4890 | D:5      | Noticed Grinder
  4902 | D:5      | Reached *** piety under Uskayaw
  4903 | D:5      | Killed Grinder
  5113 | D:6      | Noticed Maggie
  5124 | D:6      | Killed Maggie
  5125 | D:6      | Reached skill level 1 in Invocations
  5125 | D:6      | Reached XP level 9. HP: 10/51 MP: 4/11
  5566 | D:6      | Got an ivory short sword
  5567 | D:6      | Identified the cursed +1 short sword of Wyrd {flame,
                  | Fragile rC++} (You found it on level 6 of the Dungeon)
  5608 | D:6      | Found Finlaj's Antique Weapon Emporium.
  6684 | D:8      | Noticed Psyche
  6707 | D:7      | Killed Psyche
  7418 | D:8      | Found Unequbun's Gadget Shop.
  7731 | D:9      | Found a staircase to the Orcish Mines.
  7757 | D:9      | Reached **** piety under Uskayaw
  7762 | D:9      | Reached ***** piety under Uskayaw
  7766 | D:9      | Reached XP level 10. HP: 56/58 MP: 10/13
  8815 | D:10     | Entered Level 10 of the Dungeon
  9413 | D:10     | Reached skill level 10 in Fighting
  9507 | D:10     | Noticed Josephine
  9516 | D:10     | Killed Josephine
  9517 | D:10     | Reached skill level 10 in Short Blades
  9517 | D:10     | Reached skill level 5 in Invocations
  9528 | D:10     | Reached XP level 11. HP: 32/64 MP: 11/15
  9690 | D:10     | Found a staircase to the Lair.
  9968 | D:10     | Found the +3 robe of Clouds {+Thunder rCloud rElec}
 10212 | D:11     | Noticed a green ugly thing
 10242 | D:11     | Killed a green ugly thing
 10408 | D:11     | Reached ****** piety under Uskayaw
 10574 | D:11     | Found Yraziral's Magic Scroll Shop.
 10654 | D:11     | Noticed a four-headed hydra
 10662 | D:11     | Slain by a four-headed hydra

Illustrated notes

Levels and vault maps discovered:
D:1:      ebering_trefoil_3fold, layout_basic
D:2:      layout_loops_corners
D:3:      layout_basic, elyvilon_altar_5, lemuel_crystal_altar
D:4:      layout_cave_pools, serial_forest, infiniplex_forest_corner_2,
          infiniplex_forest_clump_small, infiniplex_forest_end_double,
          infiniplex_forest_clump_small, infiniplex_forest_zigzag_1,
          infiniplex_forest_clump_tiny, infiniplex_forest_clump_diagonal,
          infiniplex_forest_3_way, infiniplex_forest_clump_medium
D:5:      layout_basic, xom_confusion_cloud, yredelemnul_altar_generic,
          minmay_temple_entry_nine_rooms, kennysheep_pointless_box, minivault_1,
          uniq_grinder, uniq_duvessa
D:6:      layout_loops_ring, serial_shops, shop, chequers_big_river, uniq_maggie
D:7:      layout_loops_ring, hangedman_abyss_or_decor_jellyfish_corner
D:8:      layout_gridville, serial_shops, shop, uniq_psyche
D:9:      layout_loops_corners, orc_0_dummy
D:10:     layout_rooms, erik_lair_island, uniq_josephine
D:11:     layout_loops_corners, serial_shops, shop_statue,
          minmay_misc_feat_nine_boxes, kennysheep_decorative_pillar
Temple:   hc_temple_tempest_star

Skill      XL: |  1  2  3  4  5  6  7  8  9 10 |
---------------+-------------------------------+-----
Short Blades   | 2 3 4 5 7 8 10 | 10.6
Fighting       | 3 4 5 6 7 9 10 | 10.8
Invocations    | 1 3 5 |  5.9
Armour         | |  2.4
Shields        | |  2.6

Action                   |  1- 3 |  4- 6 |  7- 9 | 10-12 || total
-------------------------+-------+-------+-------+-------++-------
Melee: Rapier            |   124 |   155 |   188 |       ||   467
       Bite              |    18 |    39 |   128 |   136 ||   321
       Short sword       |       |       |   178 |   361 ||   539
Invok: Stomp             |       |       |       |     1 ||     1
  Use: Potion            |       |       |     1 |       ||     1
       Scroll            |       |       |     4 |     3 ||     7
 Stab: Paralysed         |       |       |     5 |    16 ||    21
       Distracted        |       |       |     1 |       ||     1
Armor: Scale mail        |    35 |    52 |    45 |       ||   132
       Acid dragon scale |       |       |    55 |    38 ||    93
       Ring mail         |       |       |       |    51 ||    51
Dodge: Dodged            |    33 |    60 |   103 |    77 ||   273
Block: Kite shield       |    60 |    61 |   151 |   133 ||   405
